 Dungeon Crawl Stone Soup version 0.30-a0-341-g6827065 (webtiles) character file.

Game seed: 17085073218037976531

35616 Dorkslayer the Covert (level 13, -1/129 HPs)
             Began as an Octopode Fighter on Nov 3, 2022.
             Was an Initiate of Gozag.
             Slain by an iron troll (22 damage)
             ... on level 13 of the Dungeon.
             The game lasted 01:12:26 (13723 turns).

Dorkslayer the Covert (Octopode Fighter)           Turns: 13723, Time: 01:12:27

Health: -1/129     AC:  5    Str: 22    XL:     13   Next: 85%
Magic:  26/26      EV: 20    Int: 19    God:    Gozag
Gold:   1492       SH: 12    Dex: 15    Spells: 24/30 levels left

rFire   + . .      SeeInvis +    a - +4 long sword (spect)
rCold   + + .      Faith    .    b - +2 buckler
rNeg    + . .      Spirit   .    (helmet restricted)
rPois   .          Reflect  +    W - amulet of reflection
rElec   .          Harm     .    e - +4 ring of protection
rCorr   .          Rampage  .    C - ring of wizardry
Will    +....                    n - +6 ring of strength
Stlth   ..........               T - ring of Spontaneous Combustion {rC+ rN+ SInv}
HPRegen 1.21/turn                x - ring of willpower
MPRegen 0.20/turn                H - ring "Nele" {rC+ Int+8 Slay+4}
                                 O - ring of protection from fire
                                 U - +4 ring of evasion

@: mighty, berserking (expiring), gold aura, hasted, very quick
A: almost no armour, amphibious, 8 rings, camouflage 1, gelatinous body 1,
(nimble swimmer 1), tentacles, tentacle spike 1, regeneration 1, MP-powered
wands
a: Renounce Religion, Potion Petition, Call Merchant, Bribe Branch


You were on level 13 of the Dungeon.
You worshipped Gozag.
Gozag was most pleased with you.
You visited 3 branches of the dungeon, and saw 16 of its levels.
You also visited: Bailey.

You collected 4967 gold pieces.
You spent 2638 gold pieces at shops.
You paid 837 gold pieces to Gozag.

Inventory:

Hand Weapons
 a - a +4 spectral long sword (weapon)
 I - a +4 falchion
Missiles
 p - 28 poisoned darts
 y - 5 silver boomerangs
 K - a throwing net
 L - 19 boomerangs (quivered)
 P - 4 javelins
 Q - a curare-tipped dart
Armour
 b - a +2 buckler (worn)
 t - the +3 hat of Pondering {ponderous, Will+ MP+10 Int+5}
   (You took it off Gastronok on level 10 of the Dungeon)

   Int:       It affects your intelligence (+5).
   MP:        It affects your magic capacity (+10).
   Will:      It increases your willpower.
 N - a +0 kite shield
Jewellery
 e - a +4 ring of protection (left tentacle)
 i - a ring of resist corrosion
 n - a +6 ring of strength (on tentacle)
 x - a ring of willpower (on tentacle)
 C - a ring of wizardry (right tentacle)
 F - a ring of see invisible
 H - the ring "Nele" (on tentacle) {rC+ Int+8 Slay+4}
   (You found it on level 8 of the Dungeon)

   [ring of slaying]

   Int:       It affects your intelligence (+8).
   Slay:      It affects your accuracy & damage with ranged weapons and melee
   (+4).
   rC:        It protects you from cold.
 O - a ring of protection from fire (on tentacle)
 R - a ring of flight
 T - the ring of Spontaneous Combustion (on tentacle) {rC+ rN+ SInv}
   (You bought it in a shop on level 2 of the Orcish Mines)

   [ring of positive energy]

   rC:        It protects you from cold.
   rN:        It protects you from negative energy.
   SInv:      It lets you see invisible.
 U - a +4 ring of evasion (on tentacle)
 W - an amulet of reflection (around mantle)
Wands
 G - a wand of iceblast (1)
 J - a wand of mindburst (1)
 V - a wand of paralysis (7)
Scrolls
 h - a scroll of poison
 l - 8 scrolls of teleportation
 m - a scroll of immolation
 q - 2 scrolls of blinking
 w - a scroll of enchant armour
 z - 2 scrolls of fog
 A - a scroll of silence
 B - a scroll of fear
 E - 2 scrolls of amnesia
 S - a scroll of identify
Potions
 d - 10 potions of curing
 f - 4 potions of heal wounds
 g - a potion of berserk rage
 j - 6 potions of cancellation
 k - 6 potions of brilliance
 r - a potion of mutation
 s - 2 potions of ambrosia
 u - 2 potions of lignification
 v - 2 potions of flight
 D - a potion of haste
 M - a potion of magic


   Skills:
 * Level 7.0 Fighting
 * Level 11.6 Long Blades
 + Level 8.5 Throwing
 * Level 6.8 Dodging
 + Level 12.2 Stealth
 * Level 6.0 Shields
 * Level 9.0 Spellcasting
 * Level 1.3 Conjurations
 * Level 1.4 Hexes
 * Level 1.3 Transmutations
 * Level 1.3 Earth Magic
 * Level 9.5 Evocations


You had 24 spell levels left.
You knew the following spells:

 Your Spells              Type           Power      Damage    Failure   Level
a - Slow                  Hex            56%        N/A       2%          1
b - Passwall              Tmut/Erth      10%        N/A       3%          2
c - Stone Arrow           Conj/Erth      26%        3d8       8%          3

Your spell library contained the following spells:

 Spells                   Type           Power      Damage    Failure   Level
 Sandblast                Erth           26%        2d8       2%          1
 Kiss of Death            Conj/Necr      44%        2d8       3%          1
 Freeze                   Ice            32%        1d5       4%          1
 Confusing Touch          Hex            14%        N/A       7%          3
 Tukima's Dance           Hex            14%        N/A       7%          3
 Hailstorm                Conj/Ice       11%        3d5       10%         3
 Portal Projectile        Hex/Tloc       22%        N/A       10%         3
 Frozen Ramparts          Ice            16%        1d3       12%         3
 Ozocubu's Armour         Ice            8%         N/A       12%         3
 Vampiric Draining        Necr           8%         2d6       12%         3
 Vhi's Electric Charge    Tloc/Air       16%        N/A       12%         3
 Dispel Undead            Necr           8%         3d8       38%         4
 Blade Hands              Tmut           6%         N/A       52%         5
 Arcjolt                  Conj/Air       5%         1d15      61%         5
 Ozocubu's Refrigeration  Ice            4%         4d8       100%        7
 Maxwell's Capacitive Co  Air            4%         ∞         100%        8


Dungeon Overview and Level Annotations

Branches:
Dungeon (13/15)            Temple (1/1) D:4            Lair (0/5) D:8
    Orc (2/2) D:11            Elf (0/3) Orc:2        Bailey (visited)
 Vaults: D:13-14

Altars:
Ashenzari
Cheibriados
Dithmenos
Elyvilon
Fedhas
Gozag
Hepliaklqana
Kikubaaqudgha
Makhleb
Nemelex Xobeh
Qazlal
Ru
Sif Muna
Trog
Uskayaw
Vehumet
Wu Jian
Xom
Yredelemnul
Zin

Shops:
D:6 *   D:11 *?   Orc:2 =*((

Annotations:
D:13 1 runed translucent door, Wuijeck's ghost, journeyman KoHu


Innate Abilities, Weirdness & Mutations

You cannot wear most types of armour.
You are amphibious.
You can wear up to eight rings at the same time.
Your skin changes colour to match your surroundings (Stealth+).
Your rubbery body absorbs attacks. (AC +1, EV +1)
((You are camouflaged when in or above water. (Stealth+)))
You have tentacles for arms and can constrict up to eight enemies at once.
One of your tentacles bears a spike.
Your natural rate of healing is unusually fast.
You expend magic power (3 MP) to strengthen your wands.


Message History

Your +4 spectral long sword lops one of the 11-headed hydra's heads off!
The ten-headed hydra grows two more!
The 12-headed hydra barely misses you. You block the 12-headed hydra's attack.
The 12-headed hydra bites you. x2
The 12-headed hydra bites you but does no damage.
The 12-headed hydra closely misses you.
You block the 12-headed hydra's attack. x2
The 12-headed hydra completely misses you.
The 12-headed hydra closely misses you. x2
The 12-headed hydra bites you but does no damage.
You slice one of the 12-headed hydra's heads off!
The 11-headed hydra grows two more!
You slice the 13-headed hydra!!
You pierce the 13-headed hydra!
You squeeze the 13-headed hydra.
You kill the 13-headed hydra!
Your Shields skill increases to level 6!
Unknown command.
The iron troll bites you! The iron troll barely misses you.
The iron troll claws you but does no damage.
You see here 20 gold pieces.
You slash the iron troll!
You pierce the iron troll!
The iron troll is moderately wounded.
You hit the iron troll but do no damage.
You pierce the iron troll, but do no damage.
The iron troll is moderately wounded.
You slash the iron troll!
The iron troll is moderately wounded.
The iron troll bites you!! You block the iron troll's attack. x2
You slash the iron troll!
The iron troll is heavily wounded.
The necromancer casts a spell.
The necromancer binds the souls of nearby monsters.
You hit the iron troll but do no damage.
You pierce the iron troll, but do no damage.
You squeeze the iron troll, but do no damage.
The iron troll is heavily wounded.
The iron troll bites you!!
* * * LOW HITPOINT WARNING * * *
The iron troll claws you!
* * * LOW HITPOINT WARNING * * *
The iron troll claws you!!
You die...
Your body crumbles into a pile of gold.

..# #.# #.# #.......# #.#
#.# ..# #.###.# #.......#
#.# #.# ..####.....#
#.......# #.###.#
...........# #.......#
#.....# .......##..#
#.......###.###.#
..###..##..###...........#
#.# ..#
#..##................# #.#
..# #..##..#.##########..#
#.# ..#
#..##....#..@TpW..#..# #.#
..# #..##....#..#####.#..#
#.# ..# #..##....#..# #..#
#.# .. #..##..#.#..#
#..###.# ..
#..##..#.#..#######......#
.. #..#.#...........##..#
#. #####...##..# .# #.
...........# # #.
#..##..####.#


You could see an iron troll (soul bound), a freezing wraith and a necromancer.

Vanquished Creatures
  Gastronok (D:10)
  An orc warlord (Orc:2)
  Josephine (D:11)
  2 hydras (D:13)
  Erolcha (D:10)
  A death knight (D:9)
  6 two-headed ogres
  Urug (D:10)
  3 orc high priests (Orc:2)
  Pikel (D:8)
  A harpy (shapeshifter) (D:13)
  A deep elf pyromancer (D:12)
  7 orc knights
  4 orc sorcerers (Orc:2)
  2 ugly things
  2 cyclopes
  A komodo dragon (D:13)
  2 gargoyles
  Psyche (D:11)
  2 trolls
  A wind drake (shapeshifter) (D:13)
  4 slime creatures
  A shadow (D:12)
  4 wraiths (D:11)
  A vampire (D:10)
  A basilisk (D:8)
  A water elemental (D:11)
  18 yaks
  2 wyverns
  5 vampire mosquitoes (D:11)
  A steam dragon (D:10)
  2 wargs (Orc:2)
  An acid dragon (D:9)
  6 water moccasins
  24 orc warriors
  2 sky beasts
  3 black bears
  2 ice beasts
  4 wolves (D:8)
  7 ogres
  10 centaurs
  A phantom (D:7)
  3 lemures (D:8)
  3 kobold brigands
  8 scorpions
  5 bullfrogs
  2 necrophages (D:7)
  5 gnoll sergeants
  9 wights
  11 killer bees
  4 electric eels (D:11)
  6 howler monkeys
  5 hounds
  15 orc priests
  3 gnoll boudas
  2 iguanas
  18 orc wizards
  A mummy (D:4)
  41 gnolls
  10 adders
  2 shadow imps
  A white imp (D:6)
  An ufetubus (D:6)
  3 dart slugs
  2 worms
  97 orcs
  7 endoplasms
  5 giant cockroaches
  10 goblins
  9 hobgoblins
  7 jackals
  3 quokkas
  7 ball pythons
  4 bats
  8 frilled lizards
  22 kobolds
  9 rats
490 creatures vanquished.

Vanquished Creatures (others)
  An orc (Orc:2)
  6 fungi
  25 plants
32 creatures vanquished.

Grand Total: 522 creatures vanquished

Notes
Turn   | Place    | Note
-------+----------+-------------------------------------------
     0 | D:1      | Dorkslayer the Octopode Fighter began the quest for the
                  | Orb.
     0 | D:1      | Reached XP level 1. HP: 16/16 MP: 1/1
    47 | D:1      | Reached XP level 2. HP: 8/21 MP: 2/2
   381 | D:1      | Reached XP level 3. HP: 26/26 MP: 2/4
  1193 | D:2      | Reached skill level 1 in Spellcasting
  1268 | D:2      | Reached skill level 1 in Stealth
  1268 | D:2      | Reached XP level 4. HP: 29/31 MP: 5/5
  1414 | D:2      | Reached XP level 5. HP: 36/36 MP: 7/7
  1794 | D:3      | Found Eboubis's Distillery.
  1812 | D:3      | Bought a potion of curing for 36 gold pieces
  2414 | D:4      | Reached skill level 2 in Stealth
  2462 | D:4      | Reached skill level 3 in Stealth
  2509 | D:4      | Found a stormy altar of Qazlal.
  2696 | D:4      | Reached skill level 4 in Stealth
  2696 | D:4      | Found a blossoming altar of Fedhas.
  2699 | D:4      | Reached XP level 6. HP: 35/42 MP: 9/9
  2741 | D:4      | Found a staircase to the Ecumenical Temple.
  2750 | Temple   | Entered the Ecumenical Temple
  2760 | Temple   | Became a worshipper of Gozag Ym Sagoz the Greedy
  2780 | D:4      | Found a bloodstained altar of Trog.
  2831 | D:4      | Noticed a black bear
  2838 | D:4      | Killed a black bear
  2965 | D:4      | Reached skill level 1 in Throwing
  3270 | D:4      | Reached XP level 7. HP: 43/46 MP: 10/10
  3319 | D:4      | Found a snail-covered altar of Cheibriados.
  3386 | D:4      | Reached skill level 5 in Stealth
  3675 | D:3      | Bought a potion of invisibility for 96 gold pieces
  3675 | D:3      | Bought a potion of lignification for 36 gold pieces
  3675 | D:3      | Bought a potion of heal wounds for 60 gold pieces
  3675 | D:3      | Bought a potion of curing for 36 gold pieces
  3675 | D:3      | Bought a potion of berserk rage for 60 gold pieces
  3709 | D:5      | Entered Level 5 of the Dungeon
  4249 | D:5      | Reached skill level 6 in Stealth
  4320 | D:5      | Reached XP level 8. HP: 41/54 MP: 12/12
  4428 | D:5      | Reached skill level 5 in Long Blades
  4963 | D:6      | Found Cosekk's Assorted Antiques.
  4971 | D:6      | Bought an inky potion for 26 gold pieces
  4971 | D:6      | Bought a scroll labelled DATUPP WIPTO for 29 gold pieces
  4997 | D:6      | Reached skill level 7 in Stealth
  5073 | D:6      | Found a sacrificial altar of Ru.
  5099 | D:6      | Reached XP level 9. HP: 59/59 MP: 15/15
  5123 | D:6      | Reached skill level 1 in Evocations
  5233 | D:6      | Noticed a cyclops
  5386 | D:6      | Killed a cyclops
  5833 | D:3      | Bought a potion of might for 48 gold pieces
  5833 | D:3      | Bought a potion of might for 48 gold pieces
  5833 | D:3      | Bought a potion of ambrosia for 96 gold pieces
  5833 | D:3      | Bought a potion of mutation for 96 gold pieces
  5901 | D:6      | Bought a scroll of enchant armour for 217 gold pieces
  5901 | D:6      | Bought a scroll of teleportation for 87 gold pieces
  5992 | D:7      | Reached skill level 5 in Dodging
  6068 | D:7      | Reached skill level 5 in Spellcasting
  6203 | D:7      | Reached XP level 10. HP: 49/65 MP: 18/18
  6585 | D:8      | Found a broken altar of Ashenzari.
  6654 | D:8      | Reached skill level 5 in Fighting
  6983 | D:8      | Identified the ring "Nele" {rC+ Int+8 Slay+4}
  7000 | D:8      | Learned a level 1 spell: Slow
  7109 | D:8      | Noticed Pikel
  7112 | D:8      | Found an ancient bone altar of Kikubaaqudgha.
  7118 | D:8      | Killed Pikel
  7205 | D:8      | Found a staircase to the Lair.
  7364 | D:8      | Found a basalt altar of Yredelemnul.
  7367 | D:8      | Found a shadowy altar of Dithmenos.
  7370 | D:8      | Found a shimmering blue altar of Sif Muna.
  7421 | D:8      | Reached skill level 5 in Throwing
  7543 | D:8      | Gained mutation: You occasionally lose the ability to read
                  | scrolls when taking damage. [potion of mutation]
  7544 | D:8      | Lost mutation: You occasionally lose the ability to read
                  | scrolls when taking damage. [potion of mutation]
  7544 | D:8      | Gained mutation: Your body sometimes deteriorates upon
                  | taking damage. [potion of mutation]
  7544 | D:8      | Gained mutation: Your system is resistant to poisons.
                  | (rPois) [potion of mutation]
  7545 | D:8      | Lost mutation: Your system is resistant to poisons. (rPois)
                  | [potion of mutation]
  7545 | D:8      | Lost mutation: Your body sometimes deteriorates upon taking
                  | damage. [potion of mutation]
  7545 | D:8      | Gained mutation: You are frail. (-10% HP) [potion of
                  | mutation]
  7545 | D:8      | Gained mutation: Your mind is acute. (Int +4, Str/Dex -1)
                  | [potion of mutation]
  7600 | D:9      | Reached skill level 5 in Evocations
  7670 | D:9      | Noticed a two-headed ogre
  7681 | D:9      | Killed a two-headed ogre
  7682 | D:9      | Reached skill level 8 in Stealth
  7682 | D:9      | Reached XP level 11. HP: 51/64 MP: 20/20
  7848 | D:9      | Found a flagged portal.
  7861 | Bailey   | Entered a bailey
  7873 | Bailey   | Lost mutation: You are frail. (-10% HP) [potion of
                  | mutation]
  7873 | Bailey   | Lost mutation: Your mind is acute. (Int +4, Str/Dex -1)
                  | [potion of mutation]
  7873 | Bailey   | Gained mutation: Your natural rate of healing is unusually
                  | fast. [potion of mutation]
  7873 | Bailey   | Gained mutation: You have hidden genetic potential. [potion
                  | of mutation]
  8213 | D:9      | Found a sparkling altar of Nemelex Xobeh.
  8266 | D:9      | Noticed a death knight
  8275 | D:9      | Killed a death knight
  8309 | D:9      | Noticed a two-headed ogre
  8321 | D:9      | Killed a two-headed ogre
  8322 | D:9      | Reached skill level 9 in Stealth
  8322 | D:9      | Reached skill level 5 in Shields
  8395 | D:9      | Learned a level 2 spell: Passwall
  8399 | D:9      | Learned a level 3 spell: Stone Arrow
  8832 | D:10     | Entered Level 10 of the Dungeon
  8836 | D:10     | Noticed Erolcha
  8842 | D:10     | Killed Erolcha
  8936 | D:10     | Found a white marble altar of Elyvilon.
  9065 | D:10     | Noticed Urug
  9088 | D:10     | Killed Urug
  9410 | D:10     | Noticed Gastronok
  9423 | D:10     | Killed Gastronok
  9424 | D:10     | Reached skill level 10 in Stealth
  9588 | D:11     | Noticed Josephine
  9616 | D:11     | Reached XP level 12. HP: 51/78 MP: 23/23
  9622 | D:11     | Killed Josephine
  9623 | D:11     | Reached skill level 10 in Long Blades
  9737 | D:11     | Gained mutation: You expend magic power (3 MP) to
                  | strengthen your wands. [hidden potential]
  9813 | D:11     | Found But Jah's General Store.
  9835 | D:11     | Bought a scroll of teleportation for 45 gold pieces
  9835 | D:11     | Bought a potion of curing for 45 gold pieces
  9835 | D:11     | Bought a scroll of fear for 60 gold pieces
  9835 | D:11     | Bought a scroll of identify for 30 gold pieces
  9851 | D:11     | Noticed Psyche
  9856 | D:11     | Killed Psyche
 10214 | D:11     | Noticed a two-headed ogre
 10233 | D:11     | Killed a two-headed ogre
 10304 | D:11     | Found a staircase to the Orcish Mines.
 10743 | D:11     | Bought a scroll of poison for 40 gold pieces
 10743 | D:11     | Bought a scroll of magic mapping for 75 gold pieces
 10743 | D:11     | Bought a scroll of identify for 20 gold pieces
 10743 | D:11     | Bought a scroll of identify for 20 gold pieces
 10791 | Orc:1    | Entered Level 1 of the Orcish Mines
 11084 | Orc:2    | Entered Level 2 of the Orcish Mines
 11182 | Orc:2    | Reached skill level 11 in Stealth
 11339 | Orc:2    | Found a staircase to the Elven Halls.
 11423 | Orc:2    | Noticed an orc warlord
 11428 | Orc:2    | Killed an orc warlord
 11429 | Orc:2    | Reached XP level 13. HP: 79/84 MP: 25/25
 12042 | Orc:2    | Gained mutation: One of your tentacles bears a spike.
                  | [hidden potential]
 12042 | Orc:2    | Lost mutation: You have hidden genetic potential. [hidden
                  | potential expressed]
 12104 | Orc:2    | Reached skill level 12 in Stealth
 12106 | Orc:2    | Found Qojuson's Antique Weapon Shop.
 12106 | Orc:2    | Found Qymal's Antique Weapon Emporium.
 12144 | Orc:2    | Found Folu's Assorted Antiques.
 12144 | Orc:2    | Found Pouneq Umia's Jewellery Emporium.
 12171 | Orc:2    | Bought a ring of wizardry for 330 gold pieces
 12171 | Orc:2    | Bought the ring of Spontaneous Combustion {rC+ rN+ SInv}
                  | for 420 gold pieces
 12171 | Orc:2    | Bought a +4 ring of evasion for 396 gold pieces
 12181 | Orc:2    | Bought a glowing falchion for 186 gold pieces
 12602 | D:12     | Identified the +1 scale mail of the End {rC+ rN+ Stlth+}
 13286 | D:13     | Reached skill level 1 in Hexes
 13313 | D:13     | Reached skill level 1 in Conjurations
 13313 | D:13     | Reached skill level 1 in Earth Magic
 13445 | D:13     | Reached skill level 1 in Transmutations
 13596 | D:13     | Found a runed translucent door.
 13596 | D:13     | Noticed Wuijeck's ghost (journeyman KoHu)
 13723 | D:13     | Slain by an iron troll

Illustrated notes

Levels and vault maps discovered:
D:1:      minmay_arrival_checkered_box, layout_loops_ring,
          amcnicky_mini_pool_small
D:2:      cheibrodos_pilgrimage, layout_loops_ring
D:3:      cheibrodos_greedy_goblins, layout_basic, serial_shops, shop
D:4:      layout_loops_ring, grunt_temple_overflow_forces_of_nature,
          trog_butcher_becter, slow_altar_1, minmay_temple_entry_overgrown,
          kennysheep_opposing_triangles
D:5:      layout_basic
D:6:      nicolae_cairo_tiling_very_big, layout_basic,
          mainiacjoe_overflow_small_starburst, serial_shops,
          nicolae_shop_statue_plus, grunt_potential
D:7:      layout_cave_pools
D:8:      layout_cave_pools, ashenzari_conservatory_becter,
          grunt_temple_overflow_diamond, kiku_gazebo_pond_becter,
          minmay_lair_entry_grove, uniq_pikel
D:9:      hangedman_cross_stitches, layout_irregular_city,
          nemelex_diamond_rough_becter, enter_bailey_7
D:10:     layout_loops_cross, elyvilon_altar_5, uniq_urug, uniq_erolcha,
          uniq_gastronok
D:11:     layout_roguey, erik_orc_2, serial_shops, nicolae_shop_waterfront,
          uniq_psyche, uniq_josephine
D:12:     layout_small_grid, special_room [special_room_orc]
D:13:     layout_long_grid, david_vaults_4, hellmonk_ghost_happy_afterlife
Temple:   eino_temple_lava
Orc:1:    layout_diamond_mine
Orc:2:    grunt_orc_tribal_feast, layout_caves

Skill      XL: |  1  2  3  4  5  6  7  8  9 10 11 12 13 |
---------------+----------------------------------------+-----
Spellcasting   | 1 2 3 4 5 6 7 8 9 |  9.0
Stealth        | 1 4 6 7 8 10 11 12 | 12.2
Long Blades    | 3 4 6 7 9 11 | 11.6
Throwing       | 1 2 3 5 6 7 8 |  8.5
Dodging        | 4 5 6 |  6.8
Fighting       | 4 5 6 7 |  7.0
Shields        | 4 5 6 |  6.0
Evocations     | 3 5 6 8 9 |  9.5
Hexes          | 1 |  1.4
Conjurations   | 1 |  1.3
Earth Magic    | 1 |  1.3
Transmutations | 1 |  1.3

Action                   |  1- 3 |  4- 6 |  7- 9 | 10-12 | 13-15 || total
-------------------------+-------+-------+-------+-------+-------++-------
Melee: Long sword        |    76 |    81 |   224 |   354 |   101 ||   836
       Constrict         |    19 |    22 |    49 |    81 |    20 ||   191
       Tentacles         |    11 |    15 |    50 |   104 |    32 ||   212
       Punch             |       |       |     2 |     6 |     1 ||     9
       Kick              |       |       |       |       |    43 ||    43
Throw: Dart              |       |    20 |    35 |   168 |    33 ||   256
       Boomerang         |       |       |       |     3 |    20 ||    23
       Javelin           |       |       |       |     2 |     7 ||     9
       Throwing net      |       |       |       |       |     1 ||     1
Invok: Call Merchant     |       |       |       |     1 |       ||     1
Evoke: Wand              |       |       |     2 |    40 |     1 ||    43
  Use: Scroll            |     4 |     3 |     7 |    18 |     4 ||    36
       Potion            |       |     1 |     1 |    13 |     9 ||    24
 Stab: Sleeping          |     6 |    15 |     9 |    29 |    11 ||    70
       Distracted        |       |       |     2 |     7 |     2 ||    11
       Paralysed         |       |       |       |     3 |     3 ||     6
       Invisible         |       |       |       |     1 |       ||     1
Armor: Skin              |    18 |    13 |    34 |    32 |    11 ||   108
Dodge: Dodged            |    51 |    39 |   116 |   161 |    45 ||   412
Block: Buckler           |    19 |    20 |    46 |    79 |    46 ||   210
       Reflection        |       |       |       |       |     4 ||     4

Table legend: (Time is in decaauts)
 A = Elapsed time spent in this place.
 B = Non-inter-level travel time spent in this place.
 C = Inter-level travel time spent in this place.
 D = Time resting spent in this place.
 E = Time spent auto-exploring this place.
 F = Levels seen in this place.
 G = Mean time per level.
                   A        B        C        D        E       F      G
               +--------+--------+--------+--------+--------+-----+--------+
         Total |  13852 |  13617 |    235 |    418 |   5359 |  17 |  814.8 |
       Dungeon |  11864 |  11629 |    235 |    348 |   5164 |  13 |  912.6 |
        Temple |     19 |     19 |      0 |      0 |      0 |   1 |   19.0 |
  Orcish Mines |   1655 |   1655 |      0 |     70 |    182 |   2 |  827.5 |
        Bailey |    312 |    312 |      0 |      0 |     13 |   1 |  312.0 |
               +--------+--------+--------+--------+--------+-----+--------+

Top non-repeatable levels by time:
    D:11: 1288 daAuts
     D:4: 1234 daAuts
     D:6: 1183 daAuts
   Orc:2: 1120 daAuts
     D:3: 997 daAuts
     D:5: 979 daAuts
     D:9: 935 daAuts
     D:8: 893 daAuts
    D:12: 827 daAuts
     D:1: 822 daAuts
     D:7: 765 daAuts
     D:2: 761 daAuts
    D:10: 749 daAuts
   Orc:1: 534 daAuts
    D:13: 426 daAuts
